 Dungeon Crawl Stone Soup version 0.28.0-1-gb440e238dd (webtiles) character file.

Game seed: 5087815727521389937

38443 issech the Basher (level 13, -8/117 HPs)
             Began as a Troll Monk on Feb 24, 2022.
             Was a High Priest of Hepliaklqana.
             Mangled by a death yak (18 damage)
             ... on level 6 of the Lair of Beasts.
             The game lasted 01:09:07 (16133 turns).

issech the Basher (Troll Monk)                     Turns: 16133, Time: 01:09:09

Health: -8/117     AC: 23    Str: 30    XL:     13   Next: 63%
Magic:  12/12      EV: 11    Int:  6    God:    Hepliaklqana [*****.]
Gold:   968        SH: 10    Dex: 16    Spells: 12/12 levels left

rFire   x . .      SeeInvis +   X - +0 flail (protect)
rCold   . . .      Faith    .   q - +0 kite shield
rNeg    . . .      Spirit   .   J - +0 swamp dragon scales
rPois   +          Reflect  .   (helmet restricted)
rElec   +          Harm     .   H - +0 cloak
rCorr   .          Rampage  .   (gloves unavailable)
Will    .....                   (boots unavailable)
Stlth   +++.......              P - amulet of magic regeneration
HPRegen 1.09/turn               y - +4 ring of protection
MPRegen 0.53/turn               B - ring of Bokoomil {rElec rF- Str+6 SInv Stlth+}

@: under a protective aura, studying Slings, very slow
A: reduced essence, large, unfitting armour, claws 3, regeneration 1, shaggy fur
1, tough skin 1, strong 1
a: Renounce Religion, Recall Ancestor, Ancestor Identity, Transference, Idealise


You were on level 6 of the Lair of Beasts.
You worshipped Hepliaklqana.
Hepliaklqana was extremely pleased with you.
You visited 3 branches of the dungeon, and saw 16 of its levels.
You also visited: Sewer.

You collected 990 gold pieces.
You spent 22 gold pieces at shops.

Inventory:

Hand Weapons
 m - the +5 rapier of Checkmate {vamp, Contam rPois rC+ Str+4}
   (You found it on level 5 of the Lair of Beasts)

   It occasionally heals its wielder for a portion of the damage dealt when it
   wounds a living foe.
   Str:       It affects your strength (+4).
   rC:        It protects you from cold.
   rPois:     It protects you from poison.
   Contam:    It causes magical contamination when unequipped.
 E - the +5 rapier "Goblin's Undoing" {drain, rPois rF+ Will+}
   (You found it on level 5 of the Dungeon)

   A truly terrible weapon, it drains the life of any living foe it strikes.
   rF:        It protects you from fire.
   rPois:     It protects you from poison.
   Will:      It increases your willpower.
 F - a +3 great sword of freezing
 S - a +4 spear of freezing
 U - the +6 war axe of Tomorrow {vorpal, rPois rC+++ Str-3 Stlth-}
   (You found it on level 9 of the Dungeon)

   It inflicts extra damage upon your enemies.
   Str:       It affects your strength (-3).
   rC:        It renders you almost immune to cold.
   rPois:     It protects you from poison.
   Stlth:     It makes you less stealthy.
 W - a +3 dire flail
 X - a +0 flail of protection (weapon)
 Y - a +0 giant spiked club
 Z - a +0 vorpal dire flail
Missiles
 e - 44 poisoned darts
 h - 108 sling bullets
 j - 520 stones (quivered)
 k - 221 arrows
 t - 118 bolts
 N - 4 throwing nets
Armour
 f - the +2 robe of Submission {rF+ Dex+4}
   (You found it on level 6 of the Dungeon)

   Dex:       It affects your dexterity (+4).
   rF:        It protects you from fire.
 l - a +2 robe
 q - a +0 kite shield (worn)
 w - a +0 troll leather armour {Pargi}
 H - a +0 cloak (worn)
 J - +0 swamp dragon scales (worn)
Jewellery
 o - a ring of poison resistance
 y - a +4 ring of protection (left claw)
 B - the ring of Bokoomil (right claw) {rElec rF- Str+6 SInv Stlth+}
   (You found it on level 4 of the Dungeon)

   [ring of strength]

   Str:       It affects your strength (+6).
   rF:        It makes you vulnerable to fire.
   rElec:     It insulates you from electricity.
   SInv:      It lets you see invisible.
   Stlth:     It makes you more stealthy.
 D - a ring of see invisible
 M - a ring of positive energy
 P - an amulet of magic regeneration (around neck)
Wands
 p - a wand of polymorph (8)
 C - a wand of iceblast (14)
 G - a wand of paralysis (11)
 Q - a wand of flame (7)
 R - a wand of mindburst (20)
 V - a wand of digging (7)
Scrolls
 c - 3 scrolls of teleportation
 n - 3 scrolls of fear
 r - 2 scrolls of enchant armour
 s - a scroll of summoning
 A - a scroll of magic mapping
 O - a scroll of blinking
 T - 2 scrolls of amnesia
Potions
 a - a potion of magic
 d - 2 potions of degeneration {unknown}
 g - 3 potions of brilliance {unknown}
 i - 3 potions of mutation
 u - 6 potions of curing {unknown}
 x - 4 potions of haste
 z - 4 potions of flight {unknown}
 I - a potion of ambrosia
 K - 4 potions of might {unknown}
 L - a potion of lignification
Miscellaneous
 b - a phantom mirror
 v - a condenser vane


   Skills:
 + Level 8.9 Fighting
 + Level 13.7 Maces & Flails
 + Level 1.0 Throwing
 + Level 7.7 Armour
 + Level 8.0 Dodging
 + Level 4.0 Stealth
 + Level 6.1 Shields


You had 12 spell levels left.
You didn't know any spells.
Your spell library contained the following spells:

 Spells                   Type           Power      Damage    Failure   Level
 Foxfire                  Conj/Fire      0%         2x1d4     82%         1
 Shock                    Conj/Air       0%         1d3       82%         1
 Static Discharge         Conj/Air       0%         N/A       91%         2
 Call Canine Familiar     Summ           0%         N/A       99%         3
 Conjure Flame            Conj/Fire      0%         6-21      99%         3
 Frozen Ramparts          Ice            0%         1d2       99%         3
 Gell's Gravitas          Tloc           0%         N/A       99%         3
 Inner Flame              Hex/Fire       0%         N/A       99%         3
 Lesser Beckoning         Tloc           0%         N/A       99%         3
 Portal Projectile        Hex/Tloc       0%         N/A       99%         3
 Stone Arrow              Conj/Erth      0%         3d7       99%         3
 Swiftness                Air            0%         N/A       99%         3
 Teleport Other           Tloc           0%         N/A       99%         3
 Tukima's Dance           Hex            0%         N/A       99%         3
 Airstrike                Air            0%         N/A       100%        4
 Animate Armour           Summ/Erth      0%         N/A       100%        4
 Dispel Undead            Necr           0%         3d6       100%        4
 Flame Wave               Conj/Fire      0%         2d4       100%        4
 Fulminant Prism          Conj/Hex       0%         3d6       100%        4
 Ice Form                 Ice/Tmut       0%         N/A       100%        4
 Iskenderun's Mystic Bla  Conj/Tloc      0%         2d3       100%        4
 Leda's Liquefaction      Hex/Erth       0%         N/A       100%        4
 Passage of Golubria      Tloc           0%         N/A       100%        4
 Sticky Flame             Conj/Fire      0%         2d3       100%        4
 Summon Ice Beast         Ice/Summ       0%         N/A       100%        4
 Lee's Rapid Deconstruct  Erth           0%         3d5*      100%        5
 Yara's Violent Unravell  Hex/Tmut       0%         3d3       100%        5
 Lehudib's Crystal Spear  Conj/Erth      0%         10d2      100%        8
 Chain Lightning          Conj/Air       0%         N/A       100%        9
 Fire Storm               Conj/Fire      0%         5d1       100%        9
 Shatter                  Erth           0%         3d5*      100%        9


Dungeon Overview and Level Annotations

Branches:
Dungeon (9/15)             Temple (1/1) D:7            Lair (6/6) D:9
  Swamp (0/4) Lair:4       Spider (0/4) Lair:4        Slime (0/5) Lair:5
  Sewer (visited)
    Orc: D:9-12

Altars:
Ashenzari
Cheibriados
Dithmenos
Elyvilon
Fedhas
Gozag
Hepliaklqana
Kikubaaqudgha
Makhleb
Nemelex Xobeh
Okawaru
Qazlal
Ru
Sif Muna
Trog
Uskayaw
Vehumet
Wu Jian
Xom
Yredelemnul
Zin
The Shining One
Jiyva

Shops:
D:6 [   D:7 (   D:8 (**

Annotations:
D:7 2 transporters, cookedgoose's ghost, novice VSFi


Innate Abilities, Weirdness & Mutations

Your life essence is reduced to manifest your ancestor. (-10% HP)
You are too large for most types of armour.
You have claws for hands.
Your natural rate of healing is unusually fast.
You are covered in fur. (AC +1)
You have tough skin. (AC +1)
Your muscles are strong. (Str +2)


Message History

You sock the death yak!
The death yak is lightly wounded.
The death yak misses you. The death yak gores you!
You block the death yak's attack.
You sock the death yak!
The death yak is moderately wounded.
The death yak gores you!
The death yak gores you but does no damage.
The death yak gores you. The death yak barely misses you.
You hit the death yak.
The death yak is lightly wounded.
The death yak barely misses you. You block the death yak's attack.
The death yak gores you!
You sock the death yak!
The death yak is moderately wounded.
You block the death yak's attack. The death yak closely misses you.
The death yak gores you but does no damage.
You barely miss the death yak.
The death yak is moderately wounded.
The death yak barely misses you.
The death yak gores you but does no damage.
The death yak gores you!
You hit the death yak but do no damage.
The death yak is lightly wounded.
You block the death yak's attack.
You hit the death yak.
The death yak is moderately wounded.
The death yak gores you. The death yak barely misses you.
The death yak gores you!
* * * LOW HITPOINT WARNING * * *
A blink frog comes into view.
The blink frog gives a loud, deep croak!
You hit the death yak.
The death yak is moderately wounded.
The death yak gores you but does no damage.
The death yak gores you!
* * * LOW HITPOINT WARNING * * *
The death yak gores you!!
You die...

≈≈................
≈♣..#.........#
♣..........#.#
♣P..#......# .
♣..F.......#
≈...#......##
≈...P.....≈≈#
≈........PYP# #
....♣PP♣@Y♣♣ ^#
♣♣≈♣≈≈≈YP≈♣.##.. ≈
♣≈≈≈≈≈≈≈.....
♣≈≈P≈≈≈♣.....
♣P≈≈≈≈≈≈≈♣.....
≈≈P≈≈≈≈≈≈≈♣ [..P
≈≈≈≈≈≈≈≈≈♣.. ..
....=........
≈≈≈≈P≈P≈≈P.P...


You could see 3 death yaks and a blink frog.

Vanquished Creatures
  Harold (D:9)
  4 hydras
  2 death yaks (Lair:5)
  2 two-headed ogres (D:8)
  Nergalle (Lair:2)
  4 black mambas
  4 elephants (Lair:4)
  A centaur zombie (D:6)
  6 cane toads
  2 torpor snails
  A kobold demonologist (D:9)
  Maggie (D:6)
  2 rime drakes
  5 komodo dragons
  2 hornets (Lair:4)
  2 wyverns
  8 spriggans (Lair:4)
  17 yaks
  2 basilisks
  A fire bat (Lair:3)
  A vampire mosquito (D:8)
  4 water moccasins
  Pargi (Sewer)
  An ice beast (D:3)
  An orc warrior (D:7)
  2 ogres
  3 necrophages (D:9)
  3 boggarts (Lair:4)
  3 centaurs
  6 wolves
  A phantom (D:7)
  5 bullfrogs
  3 kobold brigands
  A gnoll sergeant (D:9)
  2 scorpions
  A wyvern skeleton (D:5)
  2 killer bees (D:8)
  10 wights
  2 howler monkeys
  3 hounds
  3 jellies
  A gnoll shaman (D:7)
  4 iguanas
  2 centaur skeletons
  3 orc wizards
  A killer bee zombie (D:9)
  3 wolf simulacra (D:9)
  A yak simulacrum (D:9)
  2 mummies (D:9)
  3 howler monkey zombies
  9 adders
  7 gnolls
  A white imp (D:5)
  2 dart slugs
  20 orcs
  8 ball pythons
  8 endoplasms
  6 giant cockroaches
  6 goblins
  4 hobgoblins
  4 jackals (D:3)
  3 quokkas
  14 bats
  4 frilled lizards
  15 kobolds
  2 rats (D:2)
  2 river rat simulacra (D:9)
261 creatures vanquished.

Vanquished Creatures (collateral kills)
  A boulder beetle (Lair:5)
  A death yak (Lair:5)
  A two-headed ogre (D:9)
  A necromancer (D:9)
  A salamander (Lair:3)
  An elephant (Lair:4)
  6 cane toads
  4 rime drakes
  3 komodo dragons
  A troll (D:9)
  A polar bear (Lair:1)
  A hornet (Lair:4)
  7 blink frogs
  4 spriggans (Lair:4)
  12 yaks
  3 wyverns
  3 fire bats (Lair:3)
  8 basilisks
  8 water moccasins
  A centaur (D:9)
  9 wolves (Lair:2)
  A kobold brigand (D:9)
  5 bullfrogs
  A wyvern zombie (D:9)
  5 killer bees
  A wight (D:8)
  4 electric eels
  A human zombie (D:9)
  An orc wizard (D:8)
  A polar bear simulacrum (D:9)
  3 yak simulacra (D:9)
  A wolf simulacrum (D:9)
  A mummy (D:9)
  2 howler monkey zombies (D:9)
  2 orcs
  5 kobolds (D:8)
  A fire vortex (Lair:3)
112 creatures vanquished.

Vanquished Creatures (others)
  13 battlemagi
  20 fungi
  35 plants
68 creatures vanquished.

Grand Total: 441 creatures vanquished

Notes
Turn   | Place    | Note
-------+----------+-------------------------------------------
     0 | D:1      | issech the Troll Monk began the quest for the Orb.
     0 | D:1      | Reached XP level 1. HP: 22/22 MP: 0/0
   146 | D:1      | Reached XP level 2. HP: 29/29 MP: 1/1
   410 | D:1      | Reached skill level 3 in Maces & Flails
   756 | D:1      | Found a faded altar of an unknown god.
  1393 | D:2      | Reached XP level 3. HP: 36/36 MP: 2/2
  1782 | D:3      | Found an ornate altar of the Wu Jian Council.
  1909 | D:3      | Reached XP level 4. HP: 44/44 MP: 3/3
  2189 | D:3      | Noticed an ice beast
  2284 | D:3      | Killed an ice beast
  2285 | D:3      | Reached skill level 4 in Maces & Flails
  2285 | D:3      | Reached XP level 5. HP: 52/53 MP: 4/4
  2867 | D:4      | Noticed an ogre
  2956 | D:3      | Killed an ogre
  2957 | D:3      | Reached XP level 6. HP: 48/61 MP: 5/5
  3017 | D:4      | You fall into a shaft and drop 2 floors!
  3017 | D:6      | Found a glowing drain.
  3032 | Sewer    | Entered a sewer
  3072 | Sewer    | Noticed Pargi
  3083 | Sewer    | Killed Pargi
  3084 | Sewer    | Reached skill level 5 in Maces & Flails
  3248 | D:5      | Entered Level 5 of the Dungeon
  3254 | D:5      | Reached XP level 7. HP: 53/67 MP: 6/6
  3340 | D:5      | Found a glowing silver altar of Zin.
  3342 | D:5      | Found a sacrificial altar of Ru.
  3542 | D:4      | Identified the ring of Bokoomil {rElec rF- Str+6 SInv
                  | Stlth+}
  4290 | D:5      | Identified the +5 rapier "Goblin's Undoing" {drain, rPois
                  | rF+ Will+}
  4318 | D:5      | Reached skill level 6 in Maces & Flails
  4318 | D:5      | Reached skill level 1 in Armour
  4401 | D:5      | Found a bloodstained altar of Trog.
  5193 | D:6      | Noticed Maggie
  5205 | D:6      | Killed Maggie
  5206 | D:6      | Reached XP level 8. HP: 11/78 MP: 7/7
  5275 | D:6      | Reached skill level 7 in Maces & Flails
  5519 | D:6      | Identified the +2 robe of Submission {rF+ Dex+4}
  5565 | D:6      | Found Icidd's Armour Shop.
  6093 | D:7      | Found a transporter.
  6096 | D:7      | Found a transporter.
  6123 | D:7      | Noticed cookedgoose's ghost (novice VSFi)
  6172 | D:7      | Reached XP level 9. HP: 87/87 MP: 8/8
  6368 | D:7      | Reached skill level 8 in Maces & Flails
  6387 | D:7      | Found a staircase to the Ecumenical Temple.
  6414 | Temple   | Entered the Ecumenical Temple
  6432 | Temple   | Became a worshipper of Hepliaklqana the Forgotten
  6432 | Temple   | Reached * piety under Hepliaklqana
  6432 | Temple   | Reached ** piety under Hepliaklqana
  6433 | Temple   | Remembered your ancestor Ingwe as a battlemage
  6744 | D:7      | Found Cotefuog's Antique Weapon Shoppe.
  6864 | D:7      | Reached skill level 5 in Fighting
  7235 | D:8      | Reached skill level 5 in Dodging
  7281 | D:8      | Found a stormy altar of Qazlal.
  7352 | D:8      | Found Misurph's Weapon Boutique.
  7451 | D:8      | Reached skill level 9 in Maces & Flails
  7476 | D:8      | Noticed a two-headed ogre
  7478 | D:8      | Found Poankam's Assorted Antiques.
  7482 | D:8      | Killed a two-headed ogre
  7492 | D:8      | Found Daurrodu's General Store.
  7502 | D:8      | Bought a scroll of identify for 22 gold pieces
  7694 | D:9      | Noticed a two-headed ogre
  7695 | D:9      | Noticed a two-headed ogre
  7711 | D:8      | Reached XP level 10. HP: 84/88 MP: 9/9
  7735 | D:8      | Killed a two-headed ogre
  7736 | D:8      | Reached skill level 10 in Maces & Flails
  7827 | D:9      | Killed a two-headed ogre
  8291 | D:9      | Found a staircase to the Lair.
  8307 | D:9      | Reached skill level 5 in Armour
  8310 | D:9      | Reached skill level 11 in Maces & Flails
  8518 | D:9      | Noticed Harold
  8529 | D:9      | Killed Harold
  8530 | D:9      | Reached XP level 11. HP: 79/96 MP: 10/10
  8621 | D:9      | Identified the +6 war axe of Tomorrow {vorpal, rPois rC+++
                  | Str-3 Stlth-}
  8751 | D:9      | Found a basalt altar of Yredelemnul.
  8848 | D:9      | Found an iron altar of Okawaru.
  8878 | D:9      | Noticed a necromancer
  8909 | D:9      | Killed a necromancer
  9080 | D:9      | Found a burning altar of Makhleb.
  9080 | D:9      | Noticed a blizzard demon
  9218 | Lair:1   | Entered Level 1 of the Lair of Beasts
  9242 | Lair:1   | Reached skill level 1 in Shields
  9332 | Lair:1   | Reached *** piety under Hepliaklqana
 10331 | Lair:1   | Noticed a five-headed hydra
 10345 | Lair:1   | Killed a five-headed hydra
 10794 | Lair:2   | Reached skill level 12 in Maces & Flails
 11169 | Lair:1   | Reached XP level 12. HP: 58/106 MP: 11/11
 11400 | Lair:2   | Reached **** piety under Hepliaklqana
 11819 | Lair:2   | Noticed Nergalle
 11835 | Lair:2   | Killed Nergalle
 12052 | Lair:2   | Gained mutation: Your flesh is cold resistant. (rC+)
                  | [potion of mutation]
 12052 | Lair:2   | Lost mutation: Your flesh is cold resistant. (rC+) [potion
                  | of mutation]
 12052 | Lair:2   | Gained mutation: Your muscles are strong. (Str +2) [potion
                  | of mutation]
 12657 | Lair:3   | Noticed a six-headed hydra
 12793 | Lair:3   | Killed a six-headed hydra
 13559 | Lair:4   | Reached skill level 13 in Maces & Flails
 13614 | Lair:4   | Noticed an eight-headed hydra
 13615 | Lair:4   | Found a staircase to the Swamp.
 13631 | Lair:4   | Killed an eight-headed hydra
 13632 | Lair:4   | Reached skill level 1 in Throwing
 13772 | Lair:4   | Reached XP level 13. HP: 108/115 MP: 12/12
 13776 | Lair:4   | Reached skill level 5 in Shields
 13814 | Lair:4   | Found a hole to the Spider Nest.
 13984 | Lair:4   | Reached ***** piety under Hepliaklqana
 15341 | Lair:5   | Identified the +5 rapier of Checkmate {vamp, Contam rPois
                  | rC+ Str+4}
 15800 | Lair:5   | Found a runed translucent door.
 15800 | Lair:5   | Found a viscous altar of Jiyva.
 15800 | Lair:5   | Found a staircase to the Slime Pits.
 16089 | Lair:6   | Entered Level 6 of the Lair of Beasts
 16133 | Lair:6   | Mangled by a death yak

Illustrated notes

Levels and vault maps discovered:
D:1:      dpeg_arrival_rhombus, layout_basic, ebering_ecumenical_altar_abandoned
D:2:      layout_loops_ring
D:3:      layout_loops_corners, nzn_wu_jian_contemplation,
          minmay_fractal_squares_diagonal_5
D:4:      layout_gridville
D:5:      layout_basic, nicolae_overflow_hidden_temple,
          trog_three_pillars_becter, minmay_manual_mares
D:6:      layout_basic, gup_sewer_entry_glass, serial_shops,
          nicolae_shop_hallway_stairs, uniq_maggie
D:7:      layout_loops_ring, minmay_temple_entry_junction, serial_shops, shop,
          gammafunk_ghost_hive, chequers_garden
D:8:      layout_basic, mainiacjoe_overflow_boulevard, serial_shops,
          nicolae_shop_trees, nicolae_shop_crystal, shop,
          kennysheep_generic_room_8
D:9:      hangedman_cross_stitches, layout_basic,
          lemuel_mausoleum_altar_yredelemnul, makhleb_altar_promises_db,
          mainiacjoe_overflow_alcove_2, dk_vineyard_1, eino_house_with_fridge,
          uniq_harold
Temple:   eino_temple_water
Lair:1:   layout_layer_cave
Lair:2:   layout_hall_layers, uniq_nergalle
Lair:3:   layout_gridlike, lightli_volcano_entry_magma_tube
Lair:4:   kb_forest_paths, layout_small_grid, minmay_swamp_entry_reptiles,
          spider_nest_entry_web_field, grunt_forest_small_clearings,
          disabler_island
Lair:5:   layout_loops_ring, slime_altar_2
Lair:6:   minmay_lair_end_frog_pond, layout_regular_city, serial_bayou_lagoon_b,
          uniq_nessos

Skill      XL: |  1  2  3  4  5  6  7  8  9 10 11 12 13 |
---------------+----------------------------------------+-----
Maces & Flails | 3 4 5 6 7 9 11 12 13 | 13.7
Dodging        | 3 4 5 6 7 8 |  8.0
Fighting       | 3 4 5 6 7 8 |  8.9
Armour         | 1 2 3 5 6 7 |  7.7
Stealth        | 2 3 4 |  4.0
Shields        | 2 4 6 |  6.1
Throwing       | 1 |  1.0

Action                   |  1- 3 |  4- 6 |  7- 9 | 10-12 | 13-15 || total
-------------------------+-------+-------+-------+-------+-------++-------
Melee: Mace              |   102 |       |       |       |       ||   102
       Flail             |    21 |   103 |       |   409 |   298 ||   831
       Punch             |       |     1 |       |       |       ||     1
       Giant club        |       |    40 |   282 |       |       ||   322
       Dire flail        |       |       |    13 |   103 |       ||   116
Throw: Dart              |       |     2 |       |     1 |       ||     3
       Stone             |       |       |       |     2 |       ||     2
Invok: Ancestor Life: Ba |       |       |     1 |       |       ||     1
  Use: Scroll            |       |       |     5 |     8 |       ||    13
       Potion            |       |       |       |     4 |       ||     4
 Stab: Sleeping          |     3 |     2 |     4 |     8 |     1 ||    18
       Distracted        |       |       |     1 |     5 |     4 ||    10
Armor: Robe              |    53 |    95 |       |       |       ||   148
       Troll leather arm |       |     2 |    51 |       |       ||    53
       Swamp dragon scal |       |       |   116 |   343 |   102 ||   561
Dodge: Dodged            |    90 |   154 |   196 |   242 |    99 ||   781
Block: Kite shield       |       |       |       |   204 |   105 ||   309
